 Dungeon Crawl Stone Soup version 0.23.2-1-ga50397a6bc (webtiles) character file.

Game seed: 6896283994597871334

10213 TheTootler the Spear-Bearer (level 11, -3/87 HPs)
             Began as a Minotaur Chaos Knight on May 27, 2019.
             Was a Plaything of Xom.
             Slain by a seven-headed hydra (5 damage)
             ... on level 11 of the Dungeon.
             The game lasted 00:23:08 (9167 turns).

TheTootler the Spear-Bearer (Minotaur Chaos Knight) Turns: 9167, Time: 00:23:08

Health: -3/87      AC:  7    Str: 12    XL:     11   Next: 33%
Magic:  10/10      EV: 13    Int:  9    God:    Xom [......]
Gold:   1235       SH: 15    Dex: 21    Spells: 10/10 levels left

rFire    + + .     SeeInvis .   u - +10 quick blade of Crusades {venom, rPois Str-5 Dex+2}
rCold    . . .     Gourm    .   i - +1 shield
rNeg     . . .     Faith    .   a - +4 leather armour "Yfoneiziell" {Dex+4}
rPois    +         Spirit   .   (helmet unavailable)
rElec    .         Reflect  .   j - scarf {repulsion}
rCorr    .         Harm     .   (no gloves)
MR       .....                  (no boots)
Stlth    ++........             (no amulet)
HPRegen  0.24/turn              n - ring of protection from fire
MPRegen  0.12/turn              (no ring)

@: heavily drained, repel missiles
A: retaliatory headbutt, horns 3, large bone plates 1, agile 1, blurry vision 1,
fire resistance 1, frail 1, poison resistance
a: Renounce Religion


You were on level 11 of the Dungeon.
You worshipped Xom.
You were a very special plaything of Xom.
You were not hungry.

You visited 1 branch of the dungeon, and saw 11 of its levels.

You collected 1235 gold pieces.

Inventory:

Hand Weapons
 u - the +10 quick blade of Crusades (weapon) {venom, rPois Str-5 Dex+2}
   (You acquired it on level 8 of the Dungeon)

   It poisons the flesh of those it strikes.
   It affects your strength (-5).
   It affects your dexterity (+2).
   It protects you from poison.
Armour
 a - the +4 leather armour "Yfoneiziell" (worn) {Dex+4}
   (You found it on level 5 of the Dungeon)

   It affects your dexterity (+4).
 i - a +1 shield (worn)
 j - a scarf of repulsion (worn)
Jewellery
 n - a ring of protection from fire (left hand)
Wands
 r - a wand of digging (2)
 v - a wand of iceblast (8)
 y - a wand of scattershot (4)
Scrolls
 h - a scroll of enchant weapon
 k - 3 scrolls of teleportation
 o - a scroll of immolation
 p - 2 scrolls of magic mapping
 t - 6 scrolls of remove curse
 w - a scroll of identify
Potions
 b - a potion of berserk rage
 d - 3 potions of lignification
 e - a potion of invisibility
 f - 4 potions of heal wounds
 g - a potion of agility {unknown}
 l - a potion of might
 m - 2 potions of resistance
 q - 2 potions of curing
 s - a potion of cancellation
Comestibles
 c - 8 rations


   Skills:
 + Level 9.1(7.7) Fighting
 * Level 9.1(7.7) Short Blades
   Level 10.7(9.2) Polearms
 + Level 8.2(6.8) Armour
 + Level 6.0(4.7) Dodging
 + Level 2.5(1.3) Stealth
 + Level 8.2(6.8) Shields
 + Level 0.2(0.0) Unarmed Combat


You had 10 spell levels left.
You didn't know any spells.
Your spell library contained the following spells:

 Spells                   Type           Power        Failure   Level  Hunger
 Beastly Appendage        Tmut           #.....       82%         1    ##.....
 Corona                   Hex            #......      82%         1    ##.....
 Flame Tongue             Conj/Fire      #....        82%         1    ##.....
 Freeze                   Ice            #...         82%         1    ##.....
 Magic Dart               Conj           #...         82%         1    ##.....
 Blink                    Tloc           N/A          91%         2    ###....
 Call Imp                 Summ           #.......     91%         2    ###....
 Ensorcelled Hibernation  Hex/Ice        #.....       91%         2    ###....
 Slow                     Hex            #.......     91%         2    ###....
 Sticks to Snakes         Tmut           #.......     91%         2    ###....
 Throw Flame              Conj/Fire      #.....       91%         2    ###....
 Throw Frost              Conj/Ice       #.....       91%         2    ###....
 Confuse                  Hex            #.......     99%         3    ####...
 Conjure Flame            Conj/Fire      #.......     99%         3    ####...
 Dazzling Spray           Conj/Hex       #.....       99%         3    ####...
 Inner Flame              Hex/Fire       #.......     99%         3    ####...
 Mephitic Cloud           Conj/Pois/Air  #.......     99%         3    ####...
 Ozocubu's Armour         Chrm/Ice       #.......     99%         3    ####...
 Spider Form              Tmut/Pois      #.........   99%         3    ####...
 Tukima's Dance           Hex            #.......     99%         3    ####...
 Ice Form                 Ice/Tmut       #.......     100%        4    #####..
 Sticky Flame             Conj/Fire      #.......     100%        4    #####..
 Summon Ice Beast         Ice/Summ       #.......     100%        4    #####..
 Throw Icicle             Conj/Ice       #.......     100%        4    #####..
 Blade Hands              Tmut           #.........   100%        5    ######.
 Bolt of Magma            Conj/Fire/Erth #.........   100%        5    ######.
 Fireball                 Conj/Fire      #.........   100%        5    ######.
 Iskenderun's Battlesphe  Conj/Chrm      #.......     100%        5    ######.
 Venom Bolt               Conj/Pois      #.........   100%        5    ######.
 Iron Shot                Conj/Erth      #.........   100%        6    #######
 Orb of Destruction       Conj           #.........   100%        7    #######
 Spellforged Servitor     Conj/Summ      #.........   100%        7    #######


Dungeon Overview and Level Annotations

Branches:
Dungeon (11/15)            Temple (0/1) D:4
   Lair: D:8-11         Orc: D:9-12

Altars:
Dithmenos
Gozag
Makhleb
Nemelex Xobeh
Okawaru
Trog
Wu Jian
Xom
The Shining One

Annotations:
D:11 Nergalle


Innate Abilities, Weirdness & Mutations

You reflexively headbutt those who attack you in melee.
You have a pair of large horns on your head.
You are partially covered in large bone plates. (SH +4)
You are agile. (Dex +2)
Scrolls take you a little longer to read.
Your flesh is heat resistant. (rF+)
You are frail. (-10% HP)
Your system is resistant to poisons. (rPois)


Message History

The seven-headed hydra roars!
The seven-headed hydra is too close now for your liking.
You block the seven-headed hydra's attack.
The seven-headed hydra barely misses you.
The seven-headed hydra bites you!
You block the seven-headed hydra's attack.
The seven-headed hydra bites you! The seven-headed hydra misses you.
The seven-headed hydra closely misses you.
You see here 15 stones.
Really read with blurry vision while enemies are nearby?
The seven-headed hydra bites you! x2
* * * LOW HITPOINT WARNING * * *
The seven-headed hydra bites you.
* * * LOW HITPOINT WARNING * * *
The seven-headed hydra bites you!
* * * LOW HITPOINT WARNING * * *
You block the seven-headed hydra's attack.
The seven-headed hydra bites you.
You die...
Xom chuckles heartily!

#.y................#
##D###.#.....<......#
####..###(..............
...........##...##.....#
#.#####..#.###### ####.#
..# #...#.# ###
#..#.#.## ..
...#..#..###########.. #
#### .###....D@.......#
#.... .. #######..#####
..# ## ###........## ###
#...##......#
#)####........#
##.####.....##.. ##
##..##.......# ..#
#..###.#.....#
...#######.## #.#######


You could see a seven-headed hydra.

Vanquished Creatures
  A two-headed ogre (D:10)
  An unseen horror (D:10)
  An ugly thing (D:11)
  A yaktaur (D:11)
  A troll (D:9)
  2 hippogriffs (D:11)
  8 yaks
  A wraith (D:9)
  Grum (D:9)
  2 water moccasins
  Duvessa (D:7)
  Edmund (D:4)
  3 ice beasts
  A phantom (D:5)
  3 orc warriors
  4 sky beasts
  An eye of draining (D:10)
  5 ogres
  3 wolves (D:9)
  2 centaurs
  3 necrophages (D:9)
  2 crocodiles
  A big kobold (D:10)
  3 bullfrogs
  2 scorpions
  A wyvern skeleton (D:10)
  Dowan (D:7)
  13 killer bees
  8 wights (D:9)
  4 howler monkeys
  10 crimson imps
  2 centaur zombies
  3 jellies
  4 orc priests
  5 hounds
  2 bullfrog skeletons
  2 centaur skeletons
  5 iguanas
  Terence (D:2)
  5 orc wizards
  3 worker ants
  2 killer bee zombies
  3 hound zombies
  2 mummies (D:9)
  Robin (D:2)
  A howler monkey zombie (D:11)
  3 worker ant zombies
  13 adders
  A shadow imp (D:5)
  An adder zombie (D:7)
  2 dart slugs
  5 leopard geckos
  25 orcs
  4 bats
  A giant cockroach (D:2)
  23 goblins
  11 hobgoblins
  7 jackals
  3 quokkas
  2 ball pythons
  3 frilled lizards
  14 kobolds
  7 rats
257 creatures vanquished.

Vanquished Creatures (collateral kills)
  2 killer bees (D:8)
  2 orcs (D:9)
4 creatures vanquished.

Vanquished Creatures (others)
  A howler monkey (D:4)
  A worker ant (D:4)
  A leopard gecko (D:4)
3 creatures vanquished.

Grand Total: 264 creatures vanquished

Notes
Turn   | Place    | Note
-------+----------+-------------------------------------------
     0 | D:1      | TheTootler the Minotaur Chaos Knight began the quest for
                  | the Orb.
     0 | D:1      | Reached XP level 1. HP: 19/19 MP: 0/0
    81 | D:1      | XOM: potion effect (might)
    88 | D:1      | Reached skill level 4 in Polearms
   152 | D:1      | XOM: potion effect (agility)
   155 | D:1      | Reached XP level 2. HP: 20/27 MP: 1/1
   713 | D:1      | XOM: divination: detect items
   835 | D:2      | Reached XP level 3. HP: 33/33 MP: 2/2
   902 | D:2      | XOM: silly message
   918 | D:2      | Noticed Robin
   949 | D:2      | Killed Robin
  1212 | D:2      | XOM: divination: magic mapping
  1212 | D:2      | Reached XP level 4. HP: 41/41 MP: 3/3
  1293 | D:2      | Noticed Terence
  1297 | D:2      | Found a glowing golden altar of the Shining One.
  1300 | D:2      | Killed Terence
  1300 | D:2      | Reached skill level 5 in Polearms
  1349 | D:2      | XOM: harmless Pois miscast
  1490 | D:2      | XOM: mild Chrm miscast
  1680 | D:2      | You fall through a shaft for 2 floors!
  1719 | D:3      | XOM: scenery: create altars
  1780 | D:3      | Found an iron altar of Okawaru.
  2002 | D:2      | XOM: god gift: 710 gold pieces
  2116 | D:3      | Reached XP level 5. HP: 45/47 MP: 4/4
  2160 | D:3      | XOM: god gift: 6 curare-tipped needles
  2201 | D:3      | Found a burning altar of Makhleb.
  2204 | D:3      | Found a bloodstained altar of Trog.
  2207 | D:3      | Found a glowing golden altar of the Shining One.
  2226 | D:3      | XOM: cloud trail
  2240 | D:3      | Found an ornate altar of the Wu Jian Council.
  2432 | D:4      | Found a shimmering altar of Xom.
  2582 | D:4      | Reached skill level 1 in Shields
  2672 | D:4      | Found a staircase to the Ecumenical Temple.
  2690 | D:4      | Reached XP level 6. HP: 18/55 MP: 5/5
  2869 | D:4      | Reached skill level 5 in Fighting
  2869 | D:4      | Reached skill level 6 in Polearms
  2876 | D:4      | Noticed Edmund
  2889 | D:4      | Killed Edmund
  3038 | D:4      | Reached skill level 1 in Stealth
  3044 | D:4      | Reached XP level 7. HP: 43/61 MP: 6/6
  3326 | D:5      | Entered Level 5 of the Dungeon
  3390 | D:5      | Reached skill level 7 in Polearms
  3516 | D:5      | XOM: scenery: create altars
  3602 | D:5      | XOM: fog
  3696 | D:5      | Reached XP level 8. HP: 70/70 MP: 7/7
  3809 | D:5      | XOM: scenery: create altars
  4023 | D:5      | Reached skill level 8 in Polearms
  4128 | D:6      | XOM: potion effect (heal wounds)
  4129 | D:6      | Reached skill level 5 in Armour
  4133 | D:6      | XOM: give mutation
  4133 | D:6      | Gained mutation: Your muscles are strong. (Str +2) [Xom's
                  | grace]
  4378 | D:6      | Found a burning altar of Makhleb.
  4378 | D:6      | Noticed a green death
  4450 | D:6      | Reached skill level 9 in Polearms
  4537 | D:6      | XOM: give mutations
  4537 | D:6      | Gained mutation: You have a pair of large horns on your
                  | head. [Xom's grace]
  4537 | D:6      | Gained mutation: You are agile. (Dex +2) [Xom's grace]
  4588 | D:7      | Noticed Dowan
  4591 | D:7      | Noticed Duvessa
  4600 | D:7      | Killed Dowan
  4617 | D:7      | Killed Duvessa
  4705 | D:7      | XOM: fog
  5013 | D:7      | Found an opulent altar of Gozag.
  5219 | D:7      | XOM: medium Tmut miscast
  5344 | D:8      | XOM: harmless Hex miscast
  5404 | D:8      | Reached skill level 10 in Polearms
  5404 | D:8      | Reached XP level 9. HP: 75/78 MP: 8/8
  5411 | D:8      | XOM: polymorph killer bee -> howler monkey
  5415 | D:8      | XOM: confusion (+ monsters)
  5419 | D:8      | XOM: god gift: 35 gold pieces
  5422 | D:8      | XOM: cast spell 'Summon Ice Beast'
  5518 | D:8      | Found a sparkling altar of Nemelex Xobeh.
  5589 | D:8      | XOM: divination: detect items
  5665 | D:8      | Identified a scroll of acquirement
  5666 | D:8      | Got a translucent quick blade
  5667 | D:8      | Identified the +10 quick blade of Crusades {venom, rPois
                  | Str-5 Dex+2} (You acquired it on level 8 of the Dungeon)
  5676 | D:8      | XOM: cast spell 'Cause Fear'
  5752 | D:8      | XOM is BORED!
  5752 | D:8      | XOM: stat loss: -3 Dex (14/17)
  5779 | D:8      | XOM: scenery: 1 doors close
  5785 | D:8      | Reached skill level 1 in Short Blades
  6028 | D:8      | Reached skill level 5 in Shields
  6070 | D:8      | XOM: draining
  6277 | D:9      | Noticed Grum
  6293 | D:9      | Killed Grum
  6312 | D:9      | XOM: noise
  6317 | D:9      | XOM: give mutation
  6317 | D:9      | Gained mutation: Scrolls take you a little longer to read.
                  | [Xom's mischief]
  6404 | D:8      | XOM: silly message
  6533 | D:5      | Got a faintly glowing leather armour
  6544 | D:5      | Identified the +4 leather armour "Yfoneiziell" {Dex+4} (You
                  | found it on level 5 of the Dungeon)
  6690 | D:9      | XOM: medium Tmut miscast
  6713 | D:9      | XOM: give mutation
  6713 | D:9      | Lost mutation: Your muscles are strong. (Str +2) [Xom's
                  | mischief]
  6716 | D:9      | XOM: summons friendly iron imp
  6771 | D:9      | Reached XP level 10. HP: 71/88 MP: 9/9
  6832 | D:9      | Reached skill level 5 in Short Blades
  7060 | D:9      | XOM: enchant monster (good)
  7443 | D:9      | XOM: scenery: create altars
  7545 | D:9      | XOM: give mutations
  7545 | D:9      | Gained mutation: Your system is resistant to poisons.
                  | (rPois) [Xom's grace]
  7545 | D:9      | Gained mutation: You are partially covered in large bone
                  | plates. (SH +4) [Xom's grace]
  7798 | D:9      | XOM: mild Pois miscast
  7811 | D:9      | XOM: harmless Erth miscast
  7820 | D:9      | Found a shadowy altar of Dithmenos.
  7878 | D:10     | Entered Level 10 of the Dungeon
  7878 | D:10     | Noticed a two-headed ogre
  7894 | D:10     | XOM: butterfly on damage
  7912 | D:10     | Killed a two-headed ogre
  7912 | D:10     | Reached skill level 5 in Dodging
  8254 | D:10     | Found a shadowy altar of Dithmenos.
  8366 | D:10     | Killed an unseen horror
  8660 | D:11     | Reached XP level 11. HP: 94/94 MP: 10/10
  8688 | D:11     | Noticed a white ugly thing
  8703 | D:11     | XOM: butterfly on damage
  8707 | D:11     | Killed a white ugly thing
  8813 | D:11     | XOM: 1-stop teleportation journey
  8842 | D:11     | XOM: 2-stop teleportation journey
  8847 | D:11     | XOM: polymorph yak -> yaktaur
  8870 | D:11     | XOM: give mutations
  8870 | D:11     | Gained mutation: Your flesh is heat resistant. (rF+) [Xom's
                  | mischief]
  8870 | D:11     | Gained mutation: You are frail. (-10% HP) [Xom's mischief]
  8875 | D:11     | XOM is BORED!
  8875 | D:11     | XOM: polymorph orc -> adder
  9026 | D:11     | Noticed a seven-headed hydra
  9027 | D:11     | Noticed Nergalle
  9031 | D:11     | XOM: confusion
  9055 | D:11     | XOM: draining
  9113 | D:11     | XOM: noise
  9167 | D:11     | HP: 2/87 [seven-headed hydra (11)]
  9167 | D:11     | Slain by a seven-headed hydra

Skill      XL: |  1  2  3  4  5  6  7  8  9 10 11 |
---------------+----------------------------------+-----
Polearms       | 4 5 6 7 10 | 10.7
Fighting       | 4 5 6 7 8 9 |  9.1
Armour         | 3 4 6 7 8 |  8.2
Dodging        | 2 3 4 5 6 |  6.0
Shields        | 1 2 3 4 5 7 8 |  8.2
Stealth        | 1 2 |  2.5
Short Blades   | 4 8 9 |  9.1
Unarmed Combat | |  0.2

Action                   |  1- 3 |  4- 6 |  7- 9 | 10-12 || total
-------------------------+-------+-------+-------+-------++-------
Melee: Spear             |    87 |    18 |       |       ||   105
       Headbutt          |    10 |    17 |    49 |    75 ||   151
       Trident           |       |   122 |   205 |       ||   327
       Quick blade       |       |       |   111 |   309 ||   420
       Unarmed           |       |       |     5 |       ||     5
  Use: Scroll            |       |     5 |     7 |     9 ||    21
       Potion            |       |     6 |       |     1 ||     7
 Stab: Sleeping          |     1 |       |       |     4 ||     5
  Eat: Ration            |     1 |     2 |     3 |     2 ||     8
       Chunk             |       |     1 |       |       ||     1
Armor: Leather armour    |    24 |    31 |     1 |    33 ||    89
       Plate armour      |       |    13 |   129 |       ||   142
       Skin              |       |     3 |     1 |       ||     4
Dodge: Dodged            |    44 |    48 |    61 |   104 ||   257
Block: Shield            |       |    40 |   126 |   123 ||   289
